CAL (WIN)
BREVARD COUNTY MANATEES @ WILMINGTON BLUE ROCKS
12/04/2047
 
TOP OF THE 1ST
Brevard County Manatees batting - Pitching for Wilmington Blue Rocks : RHP Philip Terrell
Pitching: RHP Philip Terrell
Batting: SHB Aaron Neill 0-0: Ball
1-0: Foul Ball, location: 2F
1-1: Ball
2-1: Ball
3-1: Fly out, F8 (Flyball, 8RD, EV 105.0 MPH)
Batting: RHB Chris Maul 0-0: Ball
1-0: Ball
2-0: Ground out 1-3 (Groundball, 13S, EV 73.8 MPH)
Batting: SHB Justin Hensley 0-0: Ball
1-0: Foul Ball, location: 2F
1-1: Ball
2-1: Foul Ball, location: 2F
2-2: Fly out, F7 (Flyball, 78D, EV 88.8 MPH)
Top of the 1st over - 0 runs, 0 hits, 0 errors, 0 left on base; Brevard County 0 - Wilmington 0
BOTTOM OF THE 1ST
Wilmington Blue Rocks batting - Pitching for Brevard County Manatees : RHP Danny Newbegin
Pitching: RHP Danny Newbegin
Batting: RHB Kasey Bland 0-0: Swinging Strike
0-1: Called Strike
0-2: Ball
1-2: Strikes out swinging
Batting: LHB Edgar Ortiz 0-0: Ball
1-0: Called Strike
1-1: Foul Ball, location: 2F
1-2: Fly out, F5 (Popup, 56S, EV 80.6 MPH)
Batting: RHB Phil Hamby 0-0: Ball
1-0: Ball
2-0: Foul Ball, location: 2F
2-1: Foul Ball, location: 2F
2-2: Ball
3-2: Fly out, F4 (Line Drive, 4, EV 60.0 MPH)
Bottom of the 1st over - 0 runs, 0 hits, 0 errors, 0 left on base; Brevard County 0 - Wilmington 0
TOP OF THE 2ND
Brevard County Manatees batting - Pitching for Wilmington Blue Rocks : RHP Philip Terrell
Batting: SHB Orlando Torres 0-0: Foul Ball, location: 2F
0-1: Ball
1-1: Foul Ball, location: 2F
1-2: Ground out 6-3 (Groundball, 6, EV 83.8 MPH)
Batting: LHB Tyler Francis 0-0: Ball
1-0: Ball
2-0: Fly out, F9 (Line Drive, 9LM, EV 90.6 MPH)
Batting: RHB Ryan Miller 0-0: Ground out 5-3 (Groundball, 56S, EV 85.0 MPH)
Top of the 2nd over - 0 runs, 0 hits, 0 errors, 0 left on base; Brevard County 0 - Wilmington 0
BOTTOM OF THE 2ND
Wilmington Blue Rocks batting - Pitching for Brevard County Manatees : RHP Danny Newbegin
Batting: LHB Mike Bhatti 0-0: Ball
1-0: Called Strike
1-1: Ball
2-1: Called Strike
2-2: Ball
3-2: Foul Ball, location: 2F
3-2: Foul Ball, location: 2F
3-2: Strikes out swinging
Batting: RHB Chang-keun Baik 0-0: Ball
1-0: Ball
2-0: Ball
3-0: Base on Balls
Batting: LHB Randy Stapleton 0-0: Foul Ball, location: 2F
0-1: Ball
1-1: Swinging Strike
1-2: SINGLE (Groundball, 6, EV 98.8 MPH)
Chang-keun Baik to second
Batting: LHB Josh Dalton 0-0: Foul Ball, location: 2F
0-1: Swinging Strike
0-2: Foul Ball, location: 2F
0-2: Ball
1-2: Strikes out swinging
Batting: LHB Danny Pacheco 0-0: Fly out, F3 (Line Drive, 3, EV 68.1 MPH)
Bottom of the 2nd over - 0 runs, 1 hit, 0 errors, 2 left on base; Brevard County 0 - Wilmington 0
TOP OF THE 3RD
Brevard County Manatees batting - Pitching for Wilmington Blue Rocks : RHP Philip Terrell
Batting: RHB Jose Cerritos 0-0: Ball
1-0: Foul Ball, location: 2F
1-1: Ball
2-1: Ground out 6-3 (Groundball, 6, EV 88.8 MPH)
Batting: RHB Victor Alarcon 0-0: Fly out, F9 (Flyball, 9LS, EV 91.2 MPH)
Batting: RHB Leo Serrano 0-0: Ball
1-0: Ball
2-0: Foul Ball, location: 2F
2-1: Swinging Strike
2-2: Foul Ball, location: 2F
2-2: SINGLE (Groundball, 6MD, EV 100.0 MPH)
Pitching: RHP Bryan Kiefer
Batting: SHB Aaron Neill 0-0: Called Strike
0-1: Ground out U3 (Groundball, 3, EV 99.4 MPH)
Top of the 3rd over - 0 runs, 1 hit, 0 errors, 1 left on base; Brevard County 0 - Wilmington 0
BOTTOM OF THE 3RD
Wilmington Blue Rocks batting - Pitching for Brevard County Manatees : RHP Danny Newbegin
Batting: RHB Adam Krieger 0-0: Ball
1-0: Called Strike
1-1: Ball
2-1: DOUBLE (Groundball, 5L, EV 103.8 MPH)
Batting: RHB Kasey Bland 0-0: Ball
1-0: Called Strike
1-1: Foul Ball, location: 2F
1-2: Ground out 5-3 (Groundball, 56, EV 87.5 MPH)
Batting: LHB Edgar Ortiz 0-0: TRIPLE (Flyball, 8RXD, EV 97.5 MPH)
Adam Krieger scores
Batting: RHB Phil Hamby 0-0: Called Strike
0-1: Ball
1-1: Ball
2-1: Ball
3-1: Base on Balls
Batting: LHB Mike Bhatti 0-0: DOUBLE (Flyball, 8RXD, EV 109.4 MPH)
Edgar Ortiz scores
Phil Hamby to third
Batting: RHB Chang-keun Baik 0-0: Swinging Strike
0-1: Called Strike
0-2: Ball
1-2: Strikes out swinging
Batting: LHB Randy Stapleton 0-0: Called Strike
0-1: Foul Ball, location: 2F
0-2: Strikes out swinging
Bottom of the 3rd over - 2 runs, 3 hits, 0 errors, 2 left on base; Brevard County 0 - Wilmington 2
TOP OF THE 4TH
Brevard County Manatees batting - Pitching for Wilmington Blue Rocks : RHP Bryan Kiefer
Batting: RHB Chris Maul 0-0: Called Strike
0-1: Ball
1-1: Ball
2-1: Foul Ball, location: 2F
2-2: Ball
3-2: Base on Balls
Batting: SHB Justin Hensley 0-0: Called Strike
Chris Maul steals 2nd, throwing error, E2
Chris Maul to third
0-1: Ground out 6-3 (Groundball, 6, EV 82.5 MPH)
Chris Maul scores
Batting: SHB Orlando Torres 0-0: Ball
1-0: Called Strike
1-1: Foul Ball, location: 2F
1-2: DOUBLE (Line Drive, 7LM, EV 103.1 MPH)
Batting: LHB Tyler Francis 0-0: Ball
1-0: Fly out, F8 (Flyball, 8LXD, EV 104.4 MPH)
Runner from 2nd tags up, SAFE at 3rd, no throw by CF
Batting: RHB Ryan Miller 0-0: Called Strike
0-1: Ball
1-1: Called Strike
1-2: Ball
2-2: Foul Ball, location: 2F
2-2: Ground out 6-3 (Groundball, P, EV 83.8 MPH)
Top of the 4th over - 1 run, 1 hit, 1 error, 1 left on base; Brevard County 1 - Wilmington 2
BOTTOM OF THE 4TH
Wilmington Blue Rocks batting - Pitching for Brevard County Manatees : RHP Danny Newbegin
Batting: LHB Josh Dalton 0-0: Ball
1-0: Called Strike
1-1: SINGLE (Line Drive, 6MD, EV 97.5 MPH)
Batting: LHB Danny Pacheco 0-0: Called Strike
0-1: Ball
1-1: Ground out U3 (Groundball, 3S, EV 70.0 MPH)
Josh Dalton to second
Batting: RHB Adam Krieger 0-0: Ground out 3-1 (Groundball, 34S, EV 70.0 MPH)
Josh Dalton to third
Batting: RHB Kasey Bland 0-0: Foul Ball, location: 2F
0-1: Ball
1-1: Called Strike
1-2: Fly out, F9 (Flyball, 9D, EV 96.2 MPH)
Bottom of the 4th over - 0 runs, 1 hit, 0 errors, 1 left on base; Brevard County 1 - Wilmington 2
TOP OF THE 5TH
Brevard County Manatees batting - Pitching for Wilmington Blue Rocks : RHP Bryan Kiefer
Batting: RHB Jose Cerritos 0-0: Called Strike
0-1: Ball
1-1: Called Strike
1-2: Strikes out swinging
Batting: RHB Victor Alarcon 0-0: Ball
1-0: Foul Ball, location: 2F
1-1: Ball
2-1: Called Strike
2-2: Foul Ball, location: 2F
2-2: Foul Ball, location: 2F
2-2: Foul Ball, location: 2F
2-2: Ground out 4-3 (Groundball, 4S, EV 83.1 MPH)
Batting: RHB Leo Serrano 0-0: Fly out, F9 (Flyball, 9LM, EV 82.5 MPH)
Top of the 5th over - 0 runs, 0 hits, 0 errors, 0 left on base; Brevard County 1 - Wilmington 2
BOTTOM OF THE 5TH
Wilmington Blue Rocks batting - Pitching for Brevard County Manatees : RHP Danny Newbegin
Batting: LHB Edgar Ortiz 0-0: Foul Ball, location: 2F
0-1: Swinging Strike
0-2: Foul Ball, location: 2F
0-2: Ball
1-2: Foul Ball, location: 2F
1-2: Fly out, F8 (Line Drive, 8RD, EV 91.2 MPH)
Batting: RHB Phil Hamby 0-0: Ball
1-0: SINGLE (Line Drive, 34D, EV 107.5 MPH)
Batting: LHB Mike Bhatti 0-0: SINGLE (Groundball, 4MD, EV 103.1 MPH)
Phil Hamby to second
Runner from 2nd tries for 3rd, OUT! 8-5
Mike Bhatti to second
Batting: RHB Chang-keun Baik 0-0: Called Strike
0-1: Foul Ball, location: 2F
0-2: Fly out, F7 (Flyball, 7D, EV 90.0 MPH)
Bottom of the 5th over - 0 runs, 2 hits, 0 errors, 1 left on base; Brevard County 1 - Wilmington 2
TOP OF THE 6TH
Brevard County Manatees batting - Pitching for Wilmington Blue Rocks : RHP Bryan Kiefer
Batting: SHB Aaron Neill 0-0: Called Strike
0-1: Ball
1-1: Ball
2-1: Ball
3-1: Called Strike
3-2: Ground out 3-1 (Groundball, 34S, EV 68.1 MPH)
Batting: RHB Chris Maul 0-0: Called Strike
0-1: Ball
1-1: Called Strike
1-2: Strikes out swinging
Batting: SHB Justin Hensley 0-0: Foul Ball, location: 2F
0-1: Foul Ball, location: 2F
0-2: Strikes out swinging
Top of the 6th over - 0 runs, 0 hits, 0 errors, 0 left on base; Brevard County 1 - Wilmington 2
BOTTOM OF THE 6TH
Wilmington Blue Rocks batting - Pitching for Brevard County Manatees : RHP Danny Newbegin
Batting: LHB Randy Stapleton 0-0: Foul Ball, location: 2F
0-1: Foul Ball, location: 2F
0-2: Ball
1-2: Ball
2-2: Foul Ball, location: 2F
2-2: SINGLE (Groundball, 4MD, EV 105.0 MPH)
Pitching: RHP Sal Contreras
Batting: LHB Josh Dalton 0-0: Swinging Strike
0-1: Ball
1-1: Swinging Strike
1-2: Ball
2-2: Foul Ball, location: 2F
2-2: Ball
3-2: Foul Ball, location: 2F
3-2: Foul Ball, location: 2F
3-2: Strikes out swinging
Batting: LHB Danny Pacheco 0-0: Fly out, F7 (Flyball, 7S, EV 80.6 MPH)
Batting: RHB Adam Krieger 0-0: Ground out 4-3 (Groundball, 34S, EV 87.5 MPH)
Bottom of the 6th over - 0 runs, 1 hit, 0 errors, 1 left on base; Brevard County 1 - Wilmington 2
TOP OF THE 7TH
Brevard County Manatees batting - Pitching for Wilmington Blue Rocks : RHP Bryan Kiefer
Pitching: RHP Kolenka Leschenya
Batting: SHB Orlando Torres 0-0: Foul Ball, location: 2F
0-1: Ball
1-1: Foul Ball, location: 2F
1-2: Ground out 1-3 (Groundball, 34S, EV 63.8 MPH)
Batting: LHB Tyler Francis 0-0: Ball
1-0: Called Strike
1-1: SINGLE (Groundball, 3D, EV 103.8 MPH)
Batting: RHB Ryan Miller 0-0: Foul Ball, location: 2F
0-1: SINGLE (Groundball, P, EV 97.5 MPH)
Tyler Francis to second
Pinch Hitting: LHB Rick Campbell 0-0: Ball
1-0: Ball
2-0: Foul Ball, location: 2F
2-1: Foul Ball, location: 2F
2-2: Foul Ball, location: 2F
2-2: Ball
3-2: Base on Balls
Tyler Francis to third
Ryan Miller to second
Batting: RHB Victor Alarcon 0-0: Ball
1-0: Called Strike
1-1: Ball
2-1: Fly out, F8 (Flyball, 8LD, EV 99.4 MPH)
Runner from 3rd tags up, SCORES, throw by CF
Batting: RHB Leo Serrano 0-0: Swinging Strike
0-1: Foul Ball, location: 2F
0-2: Ground out 3-1 (Groundball, 34, EV 103.8 MPH)
Top of the 7th over - 1 run, 2 hits, 0 errors, 2 left on base; Brevard County 2 - Wilmington 2
BOTTOM OF THE 7TH
Wilmington Blue Rocks batting - Pitching for Brevard County Manatees : RHP Sal Contreras
Now at SS: Rick Campbell
Pinch Hitting: LHB Vicente Hernandez 0-0: Ball
1-0: Ball
2-0: Ball
3-0: Swinging Strike
3-1: Foul Ball, location: 2F
3-2: Base on Balls
Batting: LHB Edgar Ortiz 0-0: Foul Ball, location: 2F
0-1: Ball
1-1: Ball
2-1: Foul Ball, location: 2F
2-2: Ball
3-2: Strikes out swinging
Batting: RHB Phil Hamby 0-0: Ball
1-0: Called Strike
1-1: Ball
Wild Pitch!
Vicente Hernandez to second
2-1: Foul Ball, location: 2F
2-2: Strikes out swinging
Batting: LHB Mike Bhatti 0-0: Intentional Walk
Batting: RHB Chang-keun Baik 0-0: Foul Ball, location: 2F
0-1: Called Strike
0-2: Foul Ball, location: 2F
0-2: Ball
Wild Pitch!
Vicente Hernandez to third
Mike Bhatti to second
1-2: Ball
2-2: Foul Ball, location: 2F
2-2: Ball
3-2: Foul Ball, location: 2F
3-2: Strikes out swinging
Bottom of the 7th over - 0 runs, 0 hits, 0 errors, 2 left on base; Brevard County 2 - Wilmington 2
TOP OF THE 8TH
Brevard County Manatees batting - Pitching for Wilmington Blue Rocks : RHP Kolenka Leschenya
Now at 3B: Marcos Cortez
Batting: SHB Aaron Neill 0-0: Ball
1-0: Called Strike
1-1: Foul Ball, location: 2F
1-2: Foul Ball, location: 2F
1-2: Foul Ball, location: 2F
1-2: Ball
2-2: Strikes out swinging
Batting: RHB Chris Maul 0-0: TRIPLE (Flyball, 89XD, EV 103.8 MPH)
Batting: SHB Justin Hensley 0-0: 2-RUN HOME RUN (Flyball, 89XD, EV 101.9 MPH), Distance : 400 ft
Pitching: LHP Tyler Abraham
Batting: SHB Orlando Torres 0-0: Called Strike
0-1: Ball
1-1: Ball
2-1: Ball
3-1: Foul Ball, location: 2F
3-2: SINGLE (Groundball, 56D, EV 104.4 MPH)
Batting: LHB Tyler Francis 0-0: Called Strike
0-1: Swinging Strike
0-2: Strikes out swinging
Batting: RHB Ryan Miller 0-0: Ball
1-0: Called Strike
1-1: Ball
2-1: Foul Ball, location: 2F
2-2: Ground out 4-3 (Groundball, 34D, EV 100.6 MPH)
Top of the 8th over - 2 runs, 3 hits, 0 errors, 1 left on base; Brevard County 4 - Wilmington 2
BOTTOM OF THE 8TH
Wilmington Blue Rocks batting - Pitching for Brevard County Manatees : RHP Sal Contreras
Now at 1B: Chris Fruit
Now at 3B: Jonathan Sarles
Batting: LHB Randy Stapleton 0-0: Foul Ball, location: 2F
0-1: Foul Ball, location: 2F
0-2: Strikes out looking
Batting: LHB Josh Dalton 0-0: Called Strike
0-1: Swinging Strike
0-2: Foul Ball, location: 2F
0-2: Hit by Pitch
Pitching: RHP Ben Bosley
Batting: LHB Danny Pacheco 0-0: Ball
1-0: Ball
2-0: Foul Ball, location: 2F
2-1: Foul Ball, location: 2F
2-2: DOUBLE (Line Drive, 78D, EV 98.1 MPH)
Josh Dalton to third
Runner from 3rd tries for Home, SAFE, throw by LF to trailing runner, SAFE at third!
Pinch Hitting: LHB Pablo Serrato 0-0: Foul Ball, location: 2F
0-1: Ball
1-1: Ball
2-1: Ball
3-1: Base on Balls
Pitching: LHP Randy Yarrigle
Batting: SHB Marcos Cortez 0-0: Ball
1-0: Fielders Choice at 2nd, 1-6 (Groundball, 13S, EV 73.1 MPH)
Batting: RHB Mike Bearden 0-0: Ball
1-0: Fly out, F9 (Flyball, 9D, EV 98.8 MPH)
Bottom of the 8th over - 1 run, 1 hit, 0 errors, 2 left on base; Brevard County 4 - Wilmington 3
TOP OF THE 9TH
Brevard County Manatees batting - Pitching for Wilmington Blue Rocks : LHP Tyler Abraham
Now at C: Danny Ballenger
Pinch Hitting: RHB Chris Riddel 0-0: Called Strike
0-1: Ball
1-1: Foul Ball, location: 2F
1-2: Ground out 5-3 (Groundball, 5, EV 86.2 MPH)
Batting: RHB Victor Alarcon 0-0: Called Strike
0-1: Called Strike
0-2: Strikes out swinging
Batting: RHB Leo Serrano 0-0: Ball
1-0: Ball
2-0: Called Strike
2-1: Foul Ball, location: 2F
2-2: Fly out, F9 (Flyball, 9S, EV 78.1 MPH)
Top of the 9th over - 0 runs, 0 hits, 0 errors, 0 left on base; Brevard County 4 - Wilmington 3
BOTTOM OF THE 9TH
Wilmington Blue Rocks batting - Pitching for Brevard County Manatees : LHP Randy Yarrigle
Pitching: LHP Matt Wojtkiewicz
Now at SS: Craig Wright
Batting: RHB Phil Hamby 0-0: Ball
1-0: Ball
2-0: Foul Ball, location: 2F
2-1: Foul Ball, location: 2F
2-2: Strikes out swinging
Pinch Hitting: RHB Chance Argy 0-0: Ball
1-0: Fly out, F4 (Line Drive, 34, EV 73.1 MPH)
Batting: RHB Chang-keun Baik 0-0: Ball
1-0: Foul Ball, location: 2F
1-1: Ball
2-1: Ball
3-1: Called Strike
3-2: Base on Balls
Pinch Hitting: RHB Jason Birge 0-0: Ball
1-0: Foul Ball, location: 2F
1-1: Fly out, F8 (Line Drive, 8RD, EV 87.5 MPH)
Bottom of the 9th over - 0 runs, 0 hits, 0 errors, 1 left on base; Brevard County 4 - Wilmington 3
Thursday, December 15th , 2022 - OOTP Baseball 23.9 Build 102